 Dungeon Crawl Stone Soup version 0.29.0-4-gdea44cf6ec (webtiles) character file.

Game seed: 17648520429160045412

44914 qw the Severer (level 13, 0/124 HPs)
             Began as a Minotaur Berserker on Sept 9, 2022.
             Was an Elder of Trog.
             Slain by a yak (2 damage)
             ... led by a torpor snail
             ... while petrified by a catoblepas
             ... on level 5 of the Lair of Beasts.
             The game lasted 00:06:28 (21026 turns).

qw the Severer (Minotaur Berserker)                Turns: 21026, Time: 00:06:28

Health: 0/124      AC:  6    Str: 26    XL:     13   Next: 98%
Magic:  21/21      EV:  2    Int:  4    God:    Trog [****..]
Gold:   952        SH:  0    Dex: 14    Spells: 12/12 levels left

rFire   + + .      SeeInvis +   Y - +0 war axe (flame)
rCold   + . .      Faith    .   f - +0 kite shield
rNeg    + + +      Spirit   .   n - +0 plate armour
rPois   inf        Reflect  .   (helmet restricted)
rElec   +          Harm     .   t - scarf {repulsion}
rCorr   .          Rampage  .   u - +2 pair of gloves {Dex+3}
Will    +....                   (no boots)
Stlth   ..........              k - amulet of regeneration
HPRegen 1.10/turn               i - ring of Tisoo {*Corrode rF++ rC+ MP+9}
MPRegen 0.17/turn               j - ring "Sagiad" {rElec Will+ Slay+3 SInv}

@: petrified, corroded, on berserk cooldown, slowed, repel missiles
A: horns 2, retaliatory headbutt
a: Renounce Religion, Berserk, Trog's Hand, Brothers in Arms


You were on level 5 of the Lair of Beasts.
You worshipped Trog.
Trog was greatly pleased with you.
You visited 2 branches of the dungeon, and saw 16 of its levels.
You also visited: Gauntlet.

You collected 952 gold pieces.


Innate Abilities, Weirdness & Mutations

You have a pair of horns on your head.
You reflexively headbutt those who attack you in melee.


   Skills:
 - Level 14.0 Fighting
 - Level 16.2 Axes
 - Level 7.0 Throwing
 + Level 11.5 Armour
 - Level 6.1 Dodging
 - Level 13.9 Shields


You had 12 spell levels left.
You didn't know any spells.
Your spell library was empty.

Inventory:

Hand Weapons
 Y - a +0 war axe of flaming (weapon)
Missiles
 a - a boomerang
 m - 7 silver javelins (quivered)
 o - 3 javelins
Armour
 f - a +0 kite shield (worn)
 h - a +0 cloak
 n - a +0 plate armour (worn)
 t - a scarf of repulsion (worn)
 u - a +2 pair of gloves of dexterity (worn)
Jewellery
 i - the ring of Tisoo (left hand) {*Corrode rF++ rC+ MP+9}
   (You found it in a Gauntlet)

   [ring of protection from cold]

   rF:        It greatly protects you from fire.
   rC:        It protects you from cold.
   MP:        It affects your magic capacity (+9).
   *Corrode:  It may corrode you when you take damage.
 j - the ring "Sagiad" (right hand) {rElec Will+ Slay+3 SInv}
   (You acquired it on level 9 of the Dungeon)

   [ring of willpower]

   Slay:      It affects your accuracy & damage with ranged weapons and melee
   (+3).
   rElec:     It insulates you from electricity.
   SInv:      It lets you see invisible.
   Will:      It increases your willpower.
 k - an amulet of regeneration (around neck)
 p - a +6 ring of strength
Scrolls
 c - 5 scrolls of teleportation
 s - 5 scrolls of identify
Potions
 b - 8 potions of curing
 d - 5 potions of heal wounds
 e - 2 potions of mutation
 g - 5 potions of haste
 r - 5 potions of might

Dungeon Overview and Level Annotations

Branches:
Dungeon (11/15)            Temple (0/1) D:7            Lair (5/5) D:11
 Shoals (0/4) Lair:3       Spider (0/4) Lair:3        Slime (0/5) Lair:4
    Orc (0/2) D:10        Gauntlet (visited)

Altars:
Elyvilon
Fedhas
Hepliaklqana
Kikubaaqudgha
Makhleb
Okawaru
Ru
Sif Muna
Trog
Yredelemnul
The Shining One
Jiyva

Shops:
D:9 *

Annotations:
D:3 1 runed translucent door, Crazy Yiuf
D:8 1 transporter


Message History

The catoblepas gores you.
You are engulfed in calcifying dust.
The yak gores you! The yak gores you but does no damage.
The catoblepas gores you!!
You are engulfed in calcifying dust.
The yak gores you. The catoblepas gores you!
You are engulfed in calcifying dust.
The yak gores you! The catoblepas gores you!
You are engulfed in calcifying dust.
The yak gores you! The catoblepas gores you.
Your corrosive artefact corrodes you!
You turn to flesh and can move again.
You hit the catoblepas. You burn the catoblepas. You headbutt the catoblepas!
The catoblepas is almost dead.
You hit the torpor snail but do no damage.
You slash the yak! You burn the yak.
You are engulfed in calcifying dust.
You are slowing down.
The torpor snail barely misses you. The yak gores you.
The catoblepas gores you!!
You hit the catoblepas. You burn the catoblepas.
The catoblepas is almost dead.
You slash the torpor snail! You burn the torpor snail. You slash the yak!
You burn the yak. You hit the yak but do no damage.
You are engulfed in calcifying dust.
Your limbs have turned to stone.
The torpor snail bites you! The yak barely misses you. You furiously retaliate!
You headbutt the yak.
The yak is engulfed in calcifying dust.
The yak is moving more slowly.
You block the yak's attack.
The catoblepas breathes a plume of calcifying dust at you.
The blast of calcifying dust hits you.
The blast of calcifying dust hits the yak.
You have turned to stone.
The yak gores you! The yak gores you. The catoblepas gores you!
You are no longer berserk.
You feel as though you will be slow longer.
The torpor snail completely misses you. The yak gores you! x2
The catoblepas gores you!! The torpor snail bites you! The yak gores you.
The yak gores you! The catoblepas gores you!! The yak gores you!
The yak completely misses you. The catoblepas gores you!
The yak stops moving altogether!
The torpor snail bites you! The yak gores you.
You die...

##.#.......#
#..........#
#........... ##
#........... # ##.
##........... ..###..
#...#........ #......##
##..#.#.......
##....Y.###....#....%...
......8@.......##......%
..8...wYY......P#.......
.....8...¤.....)##.##P..
8.........¤....P########
.......8.##..%...#
..P......##....###
.#...######.....# ####
#....## ##.....#


You could see a catoblepas, a torpor snail and 2 yaks.

Vanquished Creatures
  A minotaur (Gauntlet)
  Snorg (D:11)
  3 hydras
  2 boulder beetles
  Harold (D:11)
  Erica (D:9)
  A two-headed ogre (D:9)
  13 death yaks
  Sonja (D:11)
  A necromancer (Gauntlet)
  An oklob plant (Lair:2)
  2 manticores (D:11)
  2 merfolk sirens (Lair:3)
  Maurice (D:9)
  An ice statue (Gauntlet)
  2 black mambas
  7 elephants
  A gargoyle (D:10)
  2 torpor snails
  Psyche (D:9)
  2 rime drakes
  8 cane toads
  5 komodo dragons
  A merfolk (Lair:3)
  3 polar bears
  A tarantella (shapeshifter) (Gauntlet)
  2 hornets
  6 slime creatures (D:10)
  Grinder (D:3)
  A jumping spider (Lair:3)
  A shadow (D:11)
  3 wyverns
  A vampire (D:9)
  2 wraiths
  4 basilisks
  42 yaks
  A steam dragon (D:8)
  4 vampire mosquitoes (D:11)
  Menkaure (D:4)
  An acid dragon (D:11)
  12 water moccasins
  4 orc warriors
  3 sky beasts
  Pargi (D:3)
  4 ice beasts
  4 black bears
  An ogre (D:6)
  3 centaurs
  22 wolves
  2 kobold brigands
  Blork the orc (D:5)
  A necrophage (D:5)
  7 bullfrogs
  4 scorpions
  18 killer bees
  An electric eel (D:10)
  3 howler monkeys
  4 jellies
  A hound (D:7)
  8 orc priests
  2 iguanas
  11 orc wizards
  Terence (D:3)
  A hound zombie (D:3)
  Robin (D:4)
  7 gnolls (D:4)
  6 adders
  2 shadow imps (D:6)
  4 white imps
  2 ufetubi
  An adder zombie (D:3)
  5 dart slugs
  44 orcs
  4 bats
  17 endoplasms
  A giant cockroach (D:2)
  10 goblins
  5 hobgoblins
  4 jackals (D:5)
  3 quokkas
  4 ball pythons
  3 frilled lizards
  23 kobolds
  2 quokka zombies (D:3)
  6 rats
  A rat zombie (D:9)
  A butterfly (Lair:3)
410 creatures vanquished.

Vanquished Creatures (collateral kills)
  A catoblepas (Lair:1)
  2 orc warriors (D:10)
3 creatures vanquished.

Vanquished Creatures (others)
  2 orc wizards
  37 fungi
  28 plants
  8 toadstools (D:2)
75 creatures vanquished.

Grand Total: 488 creatures vanquished

Notes
Turn   | Place    | Note
-------+----------+-------------------------------------------
     0 | D:1      | qw the Minotaur Berserker began the quest for the Orb.
     0 | D:1      | Reached XP level 1. HP: 19/19 MP: 0/0
     0 | D:1      | 0 ||| qw: Version: 0.1-a-113-g051387a
     0 | D:1      | 0 ||| qw: Game counter: 7330
     0 | D:1      | 0 ||| qw: Always use a shield: true
     0 | D:1      | 0 ||| qw: Do Orc after D:15 true
     0 | D:1      | 0 ||| qw: Do second Lair branch before Depths: true
     0 | D:1      | 0 ||| qw: Lair rune preference: random
     0 | D:1      | 0 ||| qw: Plans: Normal
     0 | D:1      | 0 ||| PLANNING D:1-11
    88 | D:1      | 88 ||| Stepping ~*~*~tactically~*~*~ (hiding).
   191 | D:1      | 191 ||| Stepping ~*~*~tactically~*~*~ (hiding).
   293 | D:1      | 293 ||| Stepping ~*~*~tactically~*~*~ (hiding).
   302 | D:1      | Reached skill level 4 in Axes
   474 | D:1      | Reached XP level 2. HP: 26/26 MP: 1/1
   487 | D:1      | 487 ||| Stepping ~*~*~tactically~*~*~ (stealth).
   656 | D:1      | 656 ||| Stepping ~*~*~tactically~*~*~ (hiding).
   780 | D:1      | 780 ||| Stepping ~*~*~tactically~*~*~ (stealth).
   784 | D:1      | 784 ||| Stepping ~*~*~tactically~*~*~ (stealth).
   789 | D:1      | 789 ||| Stepping ~*~*~tactically~*~*~ (stealth).
   942 | D:1      | 942 ||| DROPPING +0 club.
  1166 | D:1      | Reached skill level 5 in Axes
  1233 | D:1      | Found a faded altar of an unknown god.
  1409 | D:1      | 1409 ||| UPGRADING to +0 ring mail.
  1419 | D:1      | 1419 ||| DROPPING +0 animal skin.
  1420 | D:1      | 1420 ||| DROPPING scarf of shadows.
  1421 | D:1      | 1421 ||| READING scroll labelled POIFFI RETUTH.
  1422 | D:1      | 1422 ||| READING scroll labelled SEWNOO YKEPN.
  1423 | D:1      | 1423 ||| READING scroll labelled NAJITI KUSUWO.
  1424 | D:1      | 1424 ||| READING scroll labelled WUMEDW TEYNUHIYRHY.
  1425 | D:1      | 1425 ||| Stepping randomly (stuck).
  1426 | D:1      | 1426 ||| Stepping ~*~*~tactically~*~*~ (cloud).
  1433 | D:1      | HP: 6/26 [poisoned by you (poison gas)]
  1703 | D:2      | Reached XP level 3. HP: 30/31 MP: 2/2
  1765 | D:2      | Found an iron altar of Okawaru.
  1986 | D:2      | 1986 ||| Stepping ~*~*~tactically~*~*~ (stealth).
  1996 | D:2      | You fall into a shaft and drop 1 floor!
  2097 | D:3      | Noticed Pargi
  2106 | D:3      | Killed Pargi
  2107 | D:3      | Reached skill level 6 in Axes
  2107 | D:3      | Reached XP level 4. HP: 28/39 MP: 3/3
  2221 | D:3      | Reached ** piety under Trog
  2224 | D:3      | 2224 ||| Stepping ~*~*~tactically~*~*~ (hiding).
  2229 | D:3      | 2229 ||| INVOKING Berserk.
  2233 | D:3      | Reached skill level 7 in Axes
  2233 | D:3      | Reached XP level 5. HP: 45/45 MP: 4/4
  2253 | D:3      | 2253 ||| Stepping ~*~*~tactically~*~*~ (stealth).
  2254 | D:3      | 2254 ||| Stepping ~*~*~tactically~*~*~ (stealth).
  2255 | D:3      | 2255 ||| Stepping ~*~*~tactically~*~*~ (stealth).
  2257 | D:3      | Noticed Terence
  2258 | D:3      | 2258 ||| Stepping ~*~*~tactically~*~*~ (stealth).
  2259 | D:3      | 2259 ||| Stepping ~*~*~tactically~*~*~ (stealth).
  2264 | D:3      | 2264 ||| Stepping ~*~*~tactically~*~*~ (stealth).
  2266 | D:3      | 2266 ||| Stepping ~*~*~tactically~*~*~ (stealth).
  2267 | D:3      | 2267 ||| Stepping ~*~*~tactically~*~*~ (stealth).
  2271 | D:3      | 2271 ||| Stepping ~*~*~tactically~*~*~ (stealth).
  2272 | D:3      | 2272 ||| Stepping ~*~*~tactically~*~*~ (stealth).
  2279 | D:3      | 2279 ||| Stepping ~*~*~tactically~*~*~ (stealth).
  2280 | D:3      | 2280 ||| Stepping ~*~*~tactically~*~*~ (stealth).
  2284 | D:3      | 2284 ||| INVOKING Berserk.
  2285 | D:3      | Killed Terence
  2409 | D:3      | 2409 ||| DROPPING +0 mace.
  2416 | D:3      | 2416 ||| Stepping ~*~*~tactically~*~*~ (hiding).
  2418 | D:3      | 2418 ||| Stepping ~*~*~tactically~*~*~ (stealth).
  2422 | D:3      | 2422 ||| Stepping ~*~*~tactically~*~*~ (hiding).
  2423 | D:3      | 2423 ||| Stepping ~*~*~tactically~*~*~ (hiding).
  2446 | D:3      | 2446 ||| Stepping ~*~*~tactically~*~*~ (stealth).
  2532 | D:3      | Noticed Grinder
  2533 | D:3      | 2533 ||| INVOKING Trog's Hand.
  2535 | D:3      | 2535 ||| INVOKING Berserk.
  2548 | D:3      | 2548 ||| INVOKING Trog's Hand.
  2558 | D:3      | Killed Grinder
  2559 | D:3      | Reached skill level 8 in Axes
  2559 | D:3      | Reached XP level 6. HP: 42/52 MP: 5/5
  2615 | D:3      | 2615 ||| Stepping ~*~*~tactically~*~*~ (hiding).
  2616 | D:3      | 2616 ||| Stepping ~*~*~tactically~*~*~ (hiding).
  2729 | D:3      | 2729 ||| UPGRADING to +0 scale mail.
  2739 | D:3      | 2739 ||| DROPPING +0 ring mail.
  2740 | D:3      | 2740 ||| READING scroll labelled ZUQAIG XYNTESO.
  2741 | D:3      | 2741 ||| READING scroll labelled SURU ZUABYEG.
  2744 | D:3      | 2744 ||| DRINKING 2 amethyst potions.
  2745 | D:3      | 2745 ||| DRINKING 2 bubbling inky potions.
  2746 | D:3      | 2746 ||| DRINKING 2 white potions.
  2747 | D:3      | 2747 ||| DROPPING potion of degeneration.
  2900 | D:2      | 2900 ||| Stepping ~*~*~tactically~*~*~ (stealth).
  2910 | D:2      | 2910 ||| Stepping ~*~*~tactically~*~*~ (stealth).
  2911 | D:2      | 2911 ||| INVOKING Berserk.
  2914 | D:2      | Reached skill level 9 in Axes
  3006 | D:2      | 3006 ||| Stepping ~*~*~tactically~*~*~ (stealth).
  3010 | D:2      | 3010 ||| Stepping ~*~*~tactically~*~*~ (stealth).
  3011 | D:2      | 3011 ||| INVOKING Berserk.
  3014 | D:2      | Reached skill level 1 in Throwing
  3024 | D:2      | Reached XP level 7. HP: 60/60 MP: 6/6
  3369 | D:2      | 3369 ||| Stepping ~*~*~tactically~*~*~ (stealth).
  3500 | D:2      | 3500 ||| UPGRADING to +0 buckler.
  3505 | D:2      | 3505 ||| READING scroll labelled SEINOE YRRALE.
  3564 | D:3      | Found a runed translucent door.
  3581 | D:3      | 3581 ||| DROPPING +3 hammer.
  3596 | D:3      | Noticed Crazy Yiuf
  3818 | D:3      | Found a basalt altar of Yredelemnul.
  3853 | D:3      | Reached skill level 1 in Shields
  4099 | D:3      | 4099 ||| READING scroll labelled ERHIDE WEFUXIU.
  4100 | D:3      | 4100 ||| DRINKING 2 metallic inky potions.
  4101 | D:3      | 4101 ||| DROPPING potion of attraction.
  4426 | D:4      | 4426 ||| Stepping ~*~*~tactically~*~*~ (hiding).
  4427 | D:4      | 4427 ||| Stepping ~*~*~tactically~*~*~ (hiding).
  4440 | D:4      | Reached skill level 3 in Shields
  4499 | D:4      | 4499 ||| Stepping ~*~*~tactically~*~*~ (hiding).
  4541 | D:4      | 4541 ||| FLEEEEING.
  4543 | D:4      | 4543 ||| FLEEEEING.
  4544 | D:4      | 4544 ||| FLEEEEING.
  4545 | D:4      | 4545 ||| FLEEEEING.
  4546 | D:4      | 4546 ||| FLEEEEING.
  4547 | D:4      | 4547 ||| FLEEEEING.
  4548 | D:4      | 4548 ||| FLEEEEING.
  4549 | D:4      | 4549 ||| FLEEEEING.
  4550 | D:4      | 4550 ||| FLEEEEING.
  4551 | D:4      | 4551 ||| FLEEEEING.
  4552 | D:4      | 4552 ||| FLEEEEING.
  4553 | D:4      | 4553 ||| FLEEEEING.
  4556 | D:4      | 4556 ||| STAIRDANCE
  4590 | D:3      | 4590 ||| UPGRADING to +0 kite shield.
  4600 | D:3      | 4600 ||| DROPPING +0 buckler.
  4601 | D:3      | 4601 ||| READING scroll labelled DIELAI TICSOET.
  4602 | D:3      | 4602 ||| READING scroll labelled KIAZINAHEOB.
  4691 | D:4      | Noticed Menkaure
  4695 | D:4      | 4695 ||| INVOKING Berserk.
  4698 | D:4      | Killed Menkaure
  5136 | D:4      | Reached *** piety under Trog
  5137 | D:4      | 5137 ||| Stepping ~*~*~tactically~*~*~ (stealth).
  5144 | D:4      | 5144 ||| Stepping ~*~*~tactically~*~*~ (stealth).
  5148 | D:4      | Noticed Robin
  5152 | D:4      | 5152 ||| Stepping ~*~*~tactically~*~*~ (hiding).
  5156 | D:4      | 5156 ||| INVOKING Berserk.
  5162 | D:4      | Killed Robin
  5319 | D:4      | 5319 ||| UPGRADING to +6 ring of strength.
  5326 | D:5      | Entered Level 5 of the Dungeon
  5390 | D:5      | 5390 ||| INVOKING Berserk.
  5618 | D:5      | 5618 ||| Stepping ~*~*~tactically~*~*~ (hiding).
  5620 | D:5      | 5620 ||| Stepping ~*~*~tactically~*~*~ (hiding).
  5737 | D:5      | 5737 ||| INVOKING Berserk.
  5740 | D:5      | Reached skill level 6 in Shields
  5740 | D:5      | Reached XP level 8. HP: 68/68 MP: 7/7
  6103 | D:5      | 6103 ||| Stepping ~*~*~tactically~*~*~ (stealth).
  6107 | D:5      | 6107 ||| Stepping ~*~*~tactically~*~*~ (stealth).
  6236 | D:5      | Found a burning altar of Makhleb.
  6242 | D:5      | 6242 ||| DRINKING 4 potions of curing.
  6242 | D:5      | 6242 ||| (to cure confusion)
  6272 | D:5      | 6272 ||| DRINKING 3 potions of curing.
  6272 | D:5      | 6272 ||| (to cure confusion)
  6283 | D:5      | 6283 ||| DRINKING 2 potions of curing.
  6283 | D:5      | 6283 ||| (to cure confusion)
  6285 | D:5      | 6285 ||| READING scroll labelled QIEFOM XE DEF.
  6286 | D:5      | 6286 ||| Stepping ~*~*~tactically~*~*~ (cloud).
  6400 | D:5      | Noticed Blork the orc
  6404 | D:5      | 6404 ||| INVOKING Berserk.
  6409 | D:5      | Killed Blork the orc
  6556 | D:5      | Reached skill level 10 in Axes
  6594 | D:5      | Found a bloodstained altar of Trog.
  6627 | D:5      | Found a white marble altar of Elyvilon.
  6741 | D:5      | 6741 ||| UPGRADING to +0 chain mail.
  6751 | D:5      | 6751 ||| DROPPING +0 scale mail.
  6752 | D:5      | 6752 ||| UPGRADING to +0 pair of gloves.
  6757 | D:5      | 6757 ||| READING scroll of enchant armour.
  6757 | D:5      | 6757 ||| ENCHANTING +0 pair of gloves.
  6822 | D:6      | 6822 ||| INVOKING Berserk.
  6826 | D:6      | Reached skill level 3 in Armour
  6831 | D:6      | 6831 ||| STAIRDANCE
  7064 | D:6      | Found a glowing golden altar of the Shining One.
  7149 | D:6      | 7149 ||| Stepping ~*~*~tactically~*~*~ (stealth).
  7151 | D:6      | 7151 ||| Stepping ~*~*~tactically~*~*~ (stealth).
  7215 | D:6      | 7215 ||| Stepping ~*~*~tactically~*~*~ (stealth).
  7468 | D:6      | Reached skill level 6 in Fighting
  8062 | D:6      | 8062 ||| UPGRADING to amulet of regeneration.
  8067 | D:6      | 8067 ||| READING scroll labelled POL BOQUSIQUS.
  8068 | D:6      | 8068 ||| READING 3 scrolls of identify.
  8068 | D:6      | 8068 ||| IDENTIFYING green potion
  8069 | D:6      | 8069 ||| READING 2 scrolls of identify.
  8069 | D:6      | 8069 ||| IDENTIFYING silvery potion
  8070 | D:6      | 8070 ||| DROPPING potion of ambrosia.
  8115 | D:7      | 8115 ||| READING 2 scrolls of teleportation.
  8117 | D:7      | 8117 ||| FLEEEEING.
  8118 | D:7      | 8118 ||| STAIRDANCE
  8130 | D:7      | Reached XP level 9. HP: 72/75 MP: 8/8
  8203 | D:7      | 8203 ||| Stepping ~*~*~tactically~*~*~ (stealth).
  8236 | D:7      | 8236 ||| Invisible monster not found???
  8303 | D:7      | 8303 ||| Stepping ~*~*~tactically~*~*~ (hiding).
  8310 | D:7      | Reached skill level 11 in Axes
  8439 | D:7      | 8439 ||| Stepping ~*~*~tactically~*~*~ (hiding).
  8440 | D:7      | 8440 ||| Stepping ~*~*~tactically~*~*~ (hiding).
  8442 | D:7      | 8442 ||| Stepping ~*~*~tactically~*~*~ (hiding).
  8443 | D:7      | 8443 ||| Stepping ~*~*~tactically~*~*~ (hiding).
  8564 | D:7      | 8564 ||| Stepping ~*~*~tactically~*~*~ (hiding).
  8566 | D:7      | 8566 ||| Stepping ~*~*~tactically~*~*~ (hiding).
  8568 | D:7      | 8568 ||| Stepping ~*~*~tactically~*~*~ (hiding).
  8582 | D:7      | 8582 ||| Stepping ~*~*~tactically~*~*~ (hiding).
  8584 | D:7      | 8584 ||| Stepping ~*~*~tactically~*~*~ (hiding).
  8589 | D:7      | 8589 ||| INVOKING Berserk.
  8606 | D:7      | 8606 ||| Stepping ~*~*~tactically~*~*~ (stealth).
  8735 | D:7      | 8735 ||| DROPPING +0 flail.
  8757 | D:7      | 8757 ||| SWAPPING to +0 war axe.
  8758 | D:7      | 8758 ||| DROPPING +1 hand axe.
  8794 | D:7      | 8794 ||| Stepping ~*~*~tactically~*~*~ (stealth).
  8796 | D:7      | 8796 ||| Stepping ~*~*~tactically~*~*~ (hiding).
  8965 | D:7      | 8965 ||| Stepping ~*~*~tactically~*~*~ (hiding).
  8968 | D:7      | 8968 ||| INVOKING Berserk.
  9078 | D:7      | Found a staircase to the Ecumenical Temple.
  9207 | D:7      | Reached **** piety under Trog
  9384 | D:7      | 9384 ||| DRINKING 2 coppery potions.
  9385 | D:7      | 9385 ||| DRINKING 2 bubbling blue potions.
  9431 | D:7      | 9431 ||| DROPPING potion of flight.
  9432 | D:7      | 9432 ||| DROPPING potion of lignification.
  9468 | D:8      | 9468 ||| READING scroll of enchant armour.
  9468 | D:8      | 9468 ||| ENCHANTING +1 pair of gloves.
  9564 | D:8      | Found a shimmering blue altar of Sif Muna.
  9610 | D:8      | 9610 ||| INVOKING Berserk.
  9613 | D:8      | Reached skill level 12 in Axes
  9721 | D:8      | 9721 ||| Stepping ~*~*~tactically~*~*~ (hiding).
  9725 | D:8      | 9725 ||| INVOKING Berserk.
  9745 | D:8      | 9745 ||| FLEEEEING.
  9746 | D:8      | 9746 ||| STAIRDANCE
  9850 | D:8      | 9850 ||| STAIRDANCE
  9873 | D:8      | Found a hazy altar of Hepliaklqana.
  9895 | D:8      | Paralysed by a hornet for 1 turns
  9917 | D:8      | Found a transporter.
  9921 | D:8      | Found a viscous altar of Jiyva.
  9921 | D:8      | Noticed a great orb of eyes
  9942 | D:8      | 9942 ||| Stepping ~*~*~tactically~*~*~ (stealth).
  9946 | D:8      | Reached skill level 9 in Shields
  9953 | D:8      | 9953 ||| DRINKING 5 potions of curing.
  9953 | D:8      | 9953 ||| (to cure confusion)
  9972 | D:8      | 9972 ||| DROPPING +2 flail of holy wrath.
 10083 | D:8      | 10083 ||| INVOKING Berserk.
 10232 | D:8      | 10232 ||| UPGRADING to +0 plate armour.
 10242 | D:8      | 10242 ||| DROPPING +0 chain mail.
 10243 | D:8      | 10243 ||| UPGRADING to scarf of repulsion.
 10248 | D:8      | 10248 ||| DRINKING 2 orange potions.
 10249 | D:8      | 10249 ||| READING 2 scrolls of identify.
 10249 | D:8      | 10249 ||| IDENTIFYING golden potion
 10250 | D:8      | 10250 ||| DROPPING potion of brilliance.
 10280 | D:9      | 10280 ||| STAIRDANCE
 10288 | D:8      | Reached XP level 10. HP: 48/86 MP: 9/9
 10339 | D:9      | Reached skill level 13 in Axes
 10346 | D:9      | 10346 ||| STAIRDANCE
 10419 | D:9      | Reached skill level 6 in Armour
 10505 | D:9      | 10505 ||| Stepping ~*~*~tactically~*~*~ (stealth).
 10550 | D:9      | Noticed Psyche
 10551 | D:9      | 10551 ||| INVOKING Berserk.
 10554 | D:9      | Killed Psyche
 10684 | D:9      | Noticed Maurice
 10695 | D:9      | Killed Maurice
 10726 | D:9      | Noticed a two-headed ogre
 10730 | D:9      | 10730 ||| INVOKING Berserk.
 10733 | D:9      | Killed a two-headed ogre
 10734 | D:9      | Reached skill level 14 in Axes
 10870 | D:9      | Found an ancient bone altar of Kikubaaqudgha.
 11116 | D:9      | 11116 ||| Stepping ~*~*~tactically~*~*~ (stealth).
 11122 | D:9      | Reached skill level 3 in Dodging
 11222 | D:9      | 11222 ||| Stepping ~*~*~tactically~*~*~ (hiding).
 11234 | D:9      | Identified the +2 rapier of Circularity {elec, rElec rC-
                  | rN++ Int+4}
 11290 | D:9      | 11290 ||| Stepping ~*~*~tactically~*~*~ (hiding).
 11310 | D:9      | Found Oxtiruj's Lightly-Used Armoury.
 11318 | D:9      | 11318 ||| SHOPLISTING -1 gold dragon scales (900 gold, have
                  | 570).
 11444 | D:9      | Noticed Erica
 11448 | D:9      | 11448 ||| INVOKING Berserk.
 11452 | D:9      | Killed Erica
 11453 | D:9      | Reached XP level 11. HP: 94/94 MP: 10/10
 11609 | D:9      | 11609 ||| READING scroll labelled RERUN RACUHUKK.
 11609 | D:9      | Identified a scroll of acquirement
 11609 | D:9      | 11609 ||| ACQUIRING ring "Sagiad" {rElec Will+ Slay+3 SInv}
 11609 | D:9      | Acquired the ring "Sagiad" {rElec Will+ Slay+3 SInv}
 11611 | D:9      | 11611 ||| UPGRADING to ring "Sagiad" {rElec Will+ Slay+3
                  | SInv}.
 11612 | D:9      | 11612 ||| DROPPING ring of ice.
 11613 | D:9      | 11613 ||| DRINKING 2 clear potions.
 11717 | D:9      | 11717 ||| READING 2 scrolls of identify.
 11717 | D:9      | 11717 ||| IDENTIFYING murky coppery potion
 11718 | D:9      | 11718 ||| DROPPING potion of magic.
 11719 | D:9      | 11719 ||| DROPPING potion of berserk rage.
 11741 | D:10     | Entered Level 10 of the Dungeon
 11741 | D:10     | Found a blossoming altar of Fedhas.
 11753 | D:10     | 11753 ||| INVOKING Berserk.
 11754 | D:10     | Reached ***** piety under Trog
 12094 | D:10     | Reached skill level 15 in Axes
 12219 | D:10     | Reached skill level 9 in Fighting
 12220 | D:10     | 12220 ||| INVOKING Berserk.
 12229 | D:10     | 12229 ||| INVOKING Brothers in Arms.
 12255 | D:10     | 12255 ||| FLEEEEING.
 12256 | D:10     | 12256 ||| FLEEEEING.
 12256 | D:10     | HP: 21/97 [orc priest/divine providence (11)]
 12257 | D:10     | 12257 ||| FLEEEEING.
 12258 | D:10     | 12258 ||| FLEEEEING.
 12259 | D:10     | 12259 ||| FLEEEEING.
 12260 | D:10     | 12260 ||| FLEEEEING.
 12261 | D:10     | 12261 ||| FLEEEEING.
 12262 | D:10     | 12262 ||| STAIRDANCE
 12262 | D:10     | HP: 11/97 [orc priest/divine providence (17)]
 12344 | D:9      | 12344 ||| DROPPING ring of protection from cold.
 12345 | D:9      | 12345 ||| READING 2 scrolls of identify.
 12345 | D:9      | 12345 ||| IDENTIFYING bubbling emerald potion
 12346 | D:9      | 12346 ||| DROPPING potion of invisibility.
 12380 | D:10     | 12380 ||| INVOKING Berserk.
 12434 | D:10     | 12434 ||| INVOKING Berserk.
 12460 | D:10     | 12460 ||| INVOKING Brothers in Arms.
 12575 | D:10     | 12575 ||| SWAPPING to +0 war axe of flaming.
 12576 | D:10     | 12576 ||| DROPPING +2 morningstar of protection.
 12577 | D:10     | 12577 ||| DROPPING +0 war axe.
 12736 | D:10     | Found a staircase to the Orcish Mines.
 12758 | D:11     | Noticed Snorg
 12758 | D:11     | Noticed a seven-headed hydra
 12762 | D:11     | 12762 ||| INVOKING Berserk.
 12762 | D:11     | Noticed Harold
 12765 | D:11     | Killed a five-headed hydra
 12769 | D:11     | Killed Snorg
 12770 | D:11     | Reached skill level 16 in Axes
 12770 | D:11     | 12770 ||| STAIRDANCE
 12882 | D:11     | 12882 ||| INVOKING Berserk.
 12887 | D:11     | Killed Harold
 12892 | D:11     | 12892 ||| FLEEEEING.
 12893 | D:11     | 12893 ||| FLEEEEING.
 12894 | D:11     | 12894 ||| STAIRDANCE
 13038 | D:11     | 13038 ||| Stepping ~*~*~tactically~*~*~ (stealth).
 13040 | D:11     | 13040 ||| Stepping ~*~*~tactically~*~*~ (stealth).
 13046 | D:11     | 13046 ||| INVOKING Berserk.
 13160 | D:11     | 13160 ||| Stepping ~*~*~tactically~*~*~ (stealth).
 13164 | D:11     | 13164 ||| Stepping ~*~*~tactically~*~*~ (stealth).
 13218 | D:11     | Found a staircase to the Lair.
 13293 | D:11     | 13293 ||| Stepping ~*~*~tactically~*~*~ (stealth).
 13294 | D:11     | 13294 ||| Stepping ~*~*~tactically~*~*~ (stealth).
 13295 | D:11     | 13295 ||| Stepping ~*~*~tactically~*~*~ (stealth).
 13296 | D:11     | 13296 ||| Stepping ~*~*~tactically~*~*~ (stealth).
 13298 | D:11     | 13298 ||| INVOKING Berserk.
 13563 | D:11     | 13563 ||| INVOKING Berserk.
 13567 | D:11     | Reached XP level 12. HP: 106/106 MP: 11/11
 13765 | D:11     | Noticed Sonja
 13766 | D:11     | 13766 ||| Stepping ~*~*~tactically~*~*~ (hiding).
 13767 | D:11     | 13767 ||| INVOKING Brothers in Arms.
 13782 | D:11     | Killed Sonja
 13783 | D:11     | Reached skill level 3 in Throwing
 13905 | D:11     | 13905 ||| PLANNING LAIR
 13932 | Lair:1   | Entered Level 1 of the Lair of Beasts
 14071 | Lair:1   | Reached skill level 9 in Armour
 14204 | Lair:1   | 14204 ||| Stepping ~*~*~tactically~*~*~ (stealth).
 14238 | Lair:1   | 14238 ||| Stepping ~*~*~tactically~*~*~ (stealth).
 14239 | Lair:1   | 14239 ||| Stepping ~*~*~tactically~*~*~ (stealth).
 14244 | Lair:1   | 14244 ||| Stepping ~*~*~tactically~*~*~ (stealth).
 14245 | Lair:1   | 14245 ||| Stepping ~*~*~tactically~*~*~ (stealth).
 14246 | Lair:1   | 14246 ||| Stepping ~*~*~tactically~*~*~ (stealth).
 14253 | Lair:1   | 14253 ||| Stepping ~*~*~tactically~*~*~ (stealth).
 14343 | Lair:1   | 14343 ||| Stepping ~*~*~tactically~*~*~ (stealth).
 14347 | Lair:1   | 14347 ||| Stepping ~*~*~tactically~*~*~ (stealth).
 14485 | Lair:1   | Noticed a catoblepas
 14486 | Lair:1   | 14486 ||| Stepping ~*~*~tactically~*~*~ (hiding).
 14489 | Lair:1   | 14489 ||| INVOKING Brothers in Arms.
 14490 | Lair:1   | 14490 ||| INVOKING Berserk.
 14492 | Lair:1   | Killed a catoblepas
 14796 | Lair:1   | 14796 ||| DROPPING amulet of guardian spirit.
 14797 | Lair:1   | 14797 ||| DRINKING 3 murky clear potions.
 14798 | Lair:1   | 14798 ||| READING 2 scrolls of identify.
 14798 | Lair:1   | 14798 ||| IDENTIFYING fuming grey potion
 14906 | Lair:2   | Found a sacrificial altar of Ru.
 14912 | Lair:2   | 14912 ||| INVOKING Berserk.
 15060 | Lair:2   | 15060 ||| Stepping ~*~*~tactically~*~*~ (hiding).
 15087 | Lair:2   | 15087 ||| Stepping ~*~*~tactically~*~*~ (stealth).
 15120 | Lair:2   | 15120 ||| INVOKING Berserk.
 15125 | Lair:2   | Reached skill level 12 in Shields
 15315 | Lair:2   | 15315 ||| INVOKING Berserk.
 15651 | Lair:2   | Noticed a boulder beetle
 15655 | Lair:2   | 15655 ||| INVOKING Berserk.
 15661 | Lair:2   | Killed a boulder beetle
 15662 | Lair:2   | Reached skill level 12 in Fighting
 15916 | Lair:2   | 15916 ||| READING scroll labelled NUOREN ZOCILON.
 15987 | Lair:3   | 15987 ||| PLANNING GAUNTLET
 15987 | Lair:3   | 15987 ||| STAIRDANCE
 15994 | Lair:3   | 15994 ||| STAIRDANCE
 16084 | Lair:3   | Found a gate leading to a gauntlet.
 16093 | Gauntlet | Entered a Gauntlet
 16093 | Gauntlet | Found a transporter.
 16099 | Gauntlet | Noticed a tengu warrior
 16103 | Gauntlet | Found a transporter.
 16117 | Gauntlet | Found a transporter.
 16122 | Gauntlet | Found a transporter.
 16124 | Gauntlet | Noticed a hell hog
 16139 | Gauntlet | Found a transporter.
 16157 | Gauntlet | Found a transporter.
 16165 | Gauntlet | Noticed a death yak
 16165 | Gauntlet | Noticed a death yak
 16165 | Gauntlet | Noticed a death yak
 16166 | Gauntlet | Found a transporter.
 16166 | Gauntlet | Noticed a death yak
 16178 | Gauntlet | Noticed a green death
 16181 | Gauntlet | Found a transporter.
 16187 | Gauntlet | Found a transporter.
 16189 | Gauntlet | Found a transporter.
 16191 | Gauntlet | Found a transporter.
 16208 | Gauntlet | Noticed a death yak
 16208 | Gauntlet | Noticed a death yak
 16209 | Gauntlet | Noticed a death yak
 16209 | Gauntlet | Noticed a death yak
 16210 | Gauntlet | Noticed a death yak
 16210 | Gauntlet | Noticed a death yak
 16212 | Gauntlet | Found a transporter.
 16218 | Gauntlet | Found a transporter.
 16220 | Gauntlet | Found a transporter.
 16236 | Gauntlet | Noticed a quicksilver ooze
 16237 | Gauntlet | Found a transporter.
 16243 | Gauntlet | Found a transporter.
 16286 | Gauntlet | Found a transporter.
 16331 | Gauntlet | Found a transporter.
 16509 | Gauntlet | 16509 ||| INVOKING Brothers in Arms.
 16511 | Gauntlet | 16511 ||| INVOKING Berserk.
 16519 | Gauntlet | 16519 ||| Stepping ~*~*~tactically~*~*~ (cloud).
 16673 | Gauntlet | 16673 ||| DRINKING 7 potions of curing.
 16673 | Gauntlet | 16673 ||| (to cure confusion)
 16684 | Gauntlet | Identified the ring of Tisoo {*Corrode rF++ rC+ MP+9}
 16688 | Gauntlet | 16688 ||| UPGRADING to ring of Tisoo {*Corrode rF++ rC+
                  | MP+9}.
 16754 | Gauntlet | 16754 ||| Stepping randomly (stuck).
 16758 | Gauntlet | 16758 ||| INVOKING Berserk.
 16762 | Gauntlet | Killed a death yak
 16765 | Gauntlet | Killed a death yak
 16769 | Gauntlet | Killed a death yak
 16777 | Gauntlet | Killed a death yak
 16778 | Gauntlet | Reached XP level 13. HP: 118/118 MP: 12/12
 16909 | Gauntlet | Identified the +0 helmet of Ignis, Uplifting {Will++ Int+3}
 16946 | Gauntlet | Noticed a minotaur
 16947 | Gauntlet | 16947 ||| INVOKING Berserk.
 16953 | Gauntlet | Killed a minotaur
 17077 | Gauntlet | Identified the -1 barding "Daaneh" {rF- Regen+ rCorr}
 17126 | Gauntlet | 17126 ||| UPGRADING to +1 pair of gloves of dexterity.
 17136 | Gauntlet | 17136 ||| DROPPING +2 pair of gloves.
 17137 | Gauntlet | 17137 ||| READING scroll labelled QAQEYSHR KUYCOM.
 17187 | Lair:3   | 17187 ||| PLANNING LAIR
 17232 | Lair:3   | 17232 ||| DRINKING potion of cancellation.
 17322 | Lair:3   | Found a hole to the Spider Nest.
 17365 | Lair:3   | 17365 ||| INVOKING Berserk.
 17478 | Lair:3   | 17478 ||| Stepping ~*~*~tactically~*~*~ (stealth).
 17480 | Lair:3   | 17480 ||| Stepping ~*~*~tactically~*~*~ (stealth).
 17481 | Lair:3   | 17481 ||| Stepping ~*~*~tactically~*~*~ (stealth).
 17491 | Lair:3   | Reached skill level 6 in Throwing
 17491 | Lair:3   | 17491 ||| Stepping ~*~*~tactically~*~*~ (stealth).
 17495 | Lair:3   | 17495 ||| FLEEEEING.
 17516 | Lair:3   | 17516 ||| Stepping ~*~*~tactically~*~*~ (stealth).
 17523 | Lair:3   | 17523 ||| INVOKING Berserk.
 17528 | Lair:3   | Reached skill level 6 in Dodging
 17589 | Lair:3   | 17589 ||| Stepping ~*~*~tactically~*~*~ (stealth).
 17639 | Lair:3   | 17639 ||| Stepping ~*~*~tactically~*~*~ (hiding).
 17822 | Lair:3   | Found a staircase to the Shoals.
 17904 | Lair:3   | 17904 ||| Stepping ~*~*~tactically~*~*~ (stealth).
 17960 | Lair:3   | 17960 ||| INVOKING Berserk.
 18362 | Lair:3   | 18362 ||| READING scroll labelled IRUHUR QAIG.
 18379 | Lair:4   | 18379 ||| INVOKING Berserk.
 18490 | Lair:4   | 18490 ||| INVOKING Berserk.
 18621 | Lair:4   | 18621 ||| Stepping ~*~*~tactically~*~*~ (stealth).
 18718 | Lair:4   | Found a staircase to the Slime Pits.
 18912 | Lair:4   | Found a viscous altar of Jiyva.
 19173 | Lair:4   | 19173 ||| INVOKING Berserk.
 19503 | Lair:4   | 19503 ||| DROPPING ring of willpower.
 19523 | Lair:5   | Entered Level 5 of the Lair of Beasts
 19525 | Lair:5   | 19525 ||| Stepping ~*~*~tactically~*~*~ (stealth).
 19531 | Lair:5   | 19531 ||| INVOKING Berserk.
 19552 | Lair:5   | 19552 ||| STAIRDANCE
 19665 | Lair:5   | 19665 ||| STAIRDANCE
 19667 | Lair:4   | 19667 ||| INVOKING Berserk.
 19786 | Lair:5   | 19786 ||| STAIRDANCE
 19792 | Lair:5   | 19792 ||| STAIRDANCE
 19794 | Lair:4   | 19794 ||| INVOKING Berserk.
 19906 | Lair:5   | 19906 ||| STAIRDANCE
 19908 | Lair:4   | 19908 ||| INVOKING Berserk.
 20021 | Lair:5   | 20021 ||| STAIRDANCE
 20023 | Lair:4   | 20023 ||| INVOKING Berserk.
 20162 | Lair:5   | 20162 ||| STAIRDANCE
 20164 | Lair:4   | 20164 ||| INVOKING Berserk.
 20280 | Lair:5   | 20280 ||| INVOKING Berserk.
 20286 | Lair:5   | 20286 ||| STAIRDANCE
 20433 | Lair:5   | 20433 ||| FLEEEEING.
 20437 | Lair:5   | 20437 ||| INVOKING Berserk.
 20608 | Lair:5   | 20608 ||| INVOKING Berserk.
 20972 | Lair:5   | 20972 ||| READING scroll of enchant armour.
 20972 | Lair:5   | 20972 ||| ENCHANTING +1 pair of gloves of dexterity.
 20974 | Lair:5   | Identified the +5 ring mail of the Albatross {+Blink}
 21003 | Lair:5   | 21003 ||| Stepping ~*~*~tactically~*~*~ (cloud).
 21007 | Lair:5   | 21007 ||| INVOKING Berserk.
 21024 | Lair:5   | HP: 29/124 [yak[a torpor snail] (3)]
 21025 | Lair:5   | HP: 14/124 [yak[a torpor snail] (4)]
 21026 | Lair:5   | HP: 2/124 [torpor snail (6)]
 21026 | Lair:5   | Slain by a yak

Levels and vault maps discovered:
D:1:      dpeg_arrival_simpleton_a, layout_basic,
          ebering_ecumenical_altar_petrified
D:2:      cheibrodos_fertilizer, layout_basic, basic_altar
D:3:      layout_loops_ring, nicolae_yredelemnul_corpse_copse,
          grunt_ministairs_3, minivault_14, nicolae_kite_square_tiling_tiny,
          uniq_pargi, uniq_terence, uniq_grinder, uniq_crazy_yiuf_cottage
D:4:      layout_basic, uniq_menkaure, uniq_robin
D:5:      layout_loops_corners, mainiacjoe_overflow_two_lobes,
          mainiacjoe_overflow_cross_hatched, uniq_blork_the_orc
D:6:      layout_loops_corners, tso_altar, serial_aquarium,
          aquarium_bridge_long_separate [aquarium_subvault_window,
          aquarium_subvault_bridge, aquarium_subvault_balcony,
          aquarium_subvault_bridge, aquarium_subvault_bridge,
          aquarium_subvault_wall], aquarium_bridge_square
          [aquarium_subvault_wall, aquarium_subvault_wall,
          aquarium_subvault_bridge, aquarium_subvault_bridge],
          aquarium_window_fake, aquarium_window_double, aquarium_view_2c,
          aquarium_balcony_3b
D:7:      layout_gridville, minmay_temple_entry_proselytizer,
          minmay_strange_pillars
D:8:      gammafunk_jiyva_shrine, layout_rooms, nicolae_overflow_crystal_walls,
          mainiacjoe_overflow_six_doors_small, chequers_serial_rivers_micro_d
D:9:      layout_stronghold, lemuel_zombie_altar_kikubaaqudgha,
          grunt_ministairs_1, dreamdust_mushroom_princess, minmay_shop_damaged,
          uniq_maurice, uniq_psyche, uniq_erica
D:10:     layout_basic, fedhas_ov_isle_minmay, erik_orc_2
D:11:     layout_big_octagon, david_lair_generic, uniq_snorg, uniq_sonja,
          uniq_harold
Lair:1:   layout_gridlike
Lair:2:   layout_loops_ring, lemuel_oklob_altar
Lair:3:   layout_chaotic_city, elwin_shoals_entry_rooms,
          spider_nest_entry_rubble, gauntlet_entry_generic, lemuel_fruit_fields
Lair:4:   layout_regular_city, slime_entry_1, lemuel_fruit_tree
Lair:5:   evilmike_catoblepas_cave, layout_cellular_growth,
          small_statue_intersection, st_stairs_11, serial_bayou_shore_b

Skill      XL: |  1  2  3  4  5  6  7  8  9 10 11 12 13 |
---------------+----------------------------------------+-----
Axes           | 4 5 6 7 8 9 10 12 14 16 | 16.2
Fighting       | 4 5 6 7 8 10 12 14 | 14.0
Throwing       | 1 2 5 7 |  7.0
Shields        | 6 7 9 10 11 12 13 | 13.9
Armour         | 3 4 7 8 10 11 | 11.5
Dodging        | 3 4 6 |  6.1

Action                   |  1- 3 |  4- 6 |  7- 9 | 10-12 | 13-15 || total
-------------------------+-------+-------+-------+-------+-------++-------
Melee: Hand axe          |    82 |    69 |   245 |       |       ||   396
       Headbutt          |    10 |    11 |    55 |   101 |    42 ||   219
       Punch             |       |     1 |       |       |       ||     1
       War axe           |       |       |    95 |   385 |   183 ||   663
Throw: Javelin           |       |     3 |    15 |    30 |    57 ||   105
Invok: Berserk           |       |     5 |    11 |    19 |    17 ||    52
       Trog's Hand       |       |     2 |       |       |       ||     2
       Brothers in Arms  |       |       |       |     5 |       ||     5
  Use: Scroll            |     4 |     2 |    12 |     5 |     3 ||    26
       Potion            |       |     3 |     8 |     3 |     1 ||    15
Armor: Animal skin       |     9 |       |       |       |       ||     9
       Ring mail         |    12 |     9 |       |       |       ||    21
       Scale mail        |       |     8 |    39 |       |       ||    47
       Chain mail        |       |       |    64 |       |       ||    64
       Plate armour      |       |       |     8 |   203 |    52 ||   263
Dodge: Dodged            |    45 |    25 |    75 |    89 |    46 ||   280
       Repelled          |       |       |       |     3 |       ||     3
Block: Kite shield       |       |       |   101 |   197 |    82 ||   380
       Buckler           |       |       |     5 |       |       ||     5

Table legend:
 A = Non-vault XP
 B = Vault XP
 C = Vault XP percentage of total XP
 D = Non-vault monster count
 E = Vault monster count
 F = Vault count percentage of total count
                 A         B        C        D         E       F
            +---------+---------+-------+---------+---------+-------
      Total |   44629 |   19534 |  30.4 |     315 |      98 |  23.7
            +---------+---------+-------+---------+---------+-------
        D:1 |      40 |       0 |   0.0 |      22 |       0 |   0.0
        D:2 |      31 |     170 |  84.6 |      11 |      20 |  64.5
        D:3 |     136 |     447 |  76.7 |      22 |       7 |  24.1
        D:4 |     238 |     199 |  45.5 |      18 |      10 |  35.7
        D:5 |     734 |      94 |  11.4 |      15 |       1 |   6.2
        D:6 |     641 |       0 |   0.0 |      17 |       0 |   0.0
        D:7 |    1223 |      41 |   3.2 |      25 |       1 |   3.8
        D:8 |    1307 |     387 |  22.8 |      19 |       4 |  17.4
        D:9 |    3291 |    2504 |  43.2 |      26 |      10 |  27.8
       D:10 |    2651 |     711 |  21.1 |      15 |      19 |  55.9
       D:11 |    4432 |    3510 |  44.2 |      21 |       7 |  25.0
     Lair:1 |    5240 |       0 |   0.0 |      22 |       0 |   0.0
     Lair:2 |    4509 |     550 |  10.9 |      15 |       1 |   6.2
     Lair:3 |    6147 |    1467 |  19.3 |      25 |       4 |  13.8
     Lair:4 |    7541 |     807 |   9.7 |      18 |       1 |   5.3
     Lair:5 |    6468 |    1025 |  13.7 |      24 |       2 |   7.7
   Gauntlet |       0 |    7622 | 100.0 |       0 |      11 | 100.0
            +---------+---------+-------+---------+---------+-------
